[Event "Titled Tuesday Blitz August 08 Late 2023"]
[White "ciroreva-CB"]
[Black "Sarkar, Justin"]
[BlackFideId "2010011"]
[WhiteElo "2327"]
[BlackElo "2236"]
[Result "1-0"]
[Round "9"]
[TimeControl "180+1"]
[Date "2023.08.08"]
[WhiteClock "0:00:51"]
[BlackClock "0:00:00"]
[Board "107"]

1. e4 e5 2. Nf3 Nc6 3. Nc3 Nf6 4. h3 Bc5 5. Nxe5 Bxf2+ 6. Kxf2 Nxe5 7. d4 Ng6 8. e5 Ng8 9. Bd3 d6 10. Re1 dxe5 11. Bxg6 hxg6 12. Rxe5+ Ne7 13. Nd5 Be6 14. Nxe7 Qxe7 15. d5 Qf6+ 16. Qf3 Qxe5 17. dxe6 Qxe6 18. Qxb7 O-O 19. Bf4 Rab8 20. Qxc7 Rxb2 21. Re1 Qxa2 22. Re2 a5 23. Bd6 Ra8 24. Qc6 1-0


[Site "https://www.chess.com"]

[Event "Titled Tuesday Blitz August 08 Late 2023"]
[White "Clawitter, Craig"]
[Black "Garmendiarov"]
[WhiteFideId "2023105"]
[WhiteElo "2208"]
[BlackElo "2312"]
[Result "1-0"]
[Round "9"]
[TimeControl "180+1"]
[Date "2023.08.08"]
[WhiteClock "0:00:14"]
[BlackClock "0:00:00"]
[Board "108"]

1. e4 c5 2. Nf3 d6 3. d4 cxd4 4. Nxd4 Nf6 5. Nc3 a6 6. Be3 e5 7. Nb3 Be7 8. f3 Be6 9. Qd2 h5 10. Be2 Nbd7 11. Nd5 Nxd5 12. exd5 Bf5 13. O-O O-O 14. Na5 Qc7 15. c4 Nf6 16. Rac1 Rfe8 17. b4 Bf8 18. Kh1 Bg6 19. c5 e4 20. cxd6 Qxd6 21. Nxb7 Qxd5 22. Nc5 Rad8 23. Rfd1 Qxd2 24. Rxd2 Rxd2 25. Bxd2 e3 26. Be1 a5 27. bxa5 Rc8 28. Nb3 Rxc1 29. Nxc1 Nd5 30. Kg1 Bc5 31. Kf1 Bf5 32. Bd3 Bc8 33. g3 f5 34. Ke2 g5 35. Bc4 Be6 36. Nd3 Bd6 37. Nb4 Bxb4 38. Bxb4 f4 39. Be1 1-0


[Site "https://www.chess.com"]

[Event "Titled Tuesday Blitz August 08 Late 2023"]
[White "Liu, Casper"]
[Black "Petersson, Kjell"]
[WhiteFideId "1454153"]
[BlackFideId "1705148"]
[WhiteElo "2445"]
[BlackElo "2191"]
[Result "1-0"]
[Round "9"]
[TimeControl "180+1"]
[Date "2023.08.08"]
[WhiteClock "0:01:41"]
[BlackClock "0:01:53"]
[Board "109"]

1. d4 f5 2. Bg5 h6 3. Bh4 c5 4. e3 Qb6 5. Nc3 cxd4 6. exd4 g5 7. Qh5+ Kd8 8. Bxg5 Qxb2 9. Kd2 Qxa1 10. Qf7 hxg5 11. Qxf8+ Kc7 12. Nb5+ Kb6 13. Qd8+ Kc6 14. Qxc8+ Kd5 15. Qc4+ Ke4 16. f3+ Kf4 17. g3# 1-0


[Site "https://www.chess.com"]

[Event "Titled Tuesday Blitz August 08 Late 2023"]
[White "Beulen, Marcel"]
[Black "Powell, Paul"]
[WhiteFideId "1001450"]
[BlackFideId "2005840"]
[WhiteElo "2317"]
[BlackElo "2181"]
[Result "1-0"]
[Round "9"]
[TimeControl "180+1"]
[Date "2023.08.08"]
[WhiteClock "0:01:08"]
[BlackClock "0:00:00"]
[Board "110"]

1. e4 c5 2. Nf3 d6 3. Bb5+ Bd7 4. Bxd7+ Nxd7 5. O-O Ngf6 6. Qe2 e6 7. c3 Be7 8. d4 O-O 9. Bg5 h6 10. Bxf6 Bxf6 11. dxc5 dxc5 12. Nbd2 Qc7 13. Rad1 Rfd8 14. a4 a6 15. h3 Rab8 16. Rfe1 Nb6 17. a5 Na4 18. Nc4 Rxd1 19. Qxd1 b5 20. axb6 Nxb6 21. Nfd2 Rd8 22. Qb3 Nxc4 23. Nxc4 g6 24. Qc2 Qd7 25. Re2 Qd1+ 26. Qxd1 Rxd1+ 27. Kh2 Rb1 28. f4 h5 29. g3 Ra1 30. h4 a5 31. Kg2 a4 32. Kf3 Rf1+ 33. Ke3 Ra1 34. e5 Be7 35. Rg2 Re1+ 36. Kd3 Ra1 37. Na3 Rd1+ 38. Kc4 Ra1 39. Kb5 1-0


[Site "https://www.chess.com"]

[Event "Titled Tuesday Blitz August 08 Late 2023"]
[White "Biliy, Vadim"]
[Black "Ortmann, David"]
[WhiteFideId "14114127"]
[BlackFideId "4651588"]
[WhiteElo "2216"]
[BlackElo "2309"]
[Result "0-1"]
[Round "9"]
[TimeControl "180+1"]
[Date "2023.08.08"]
[WhiteClock "0:00:00"]
[BlackClock "0:00:05"]
[Board "111"]

1. d4 d5 2. Nf3 Nf6 3. e3 Bg4 4. c4 c6 5. Nbd2 e6 6. Be2 Be7 7. h3 Bh5 8. Ne5 Bxe2 9. Qxe2 O-O 10. O-O Nbd7 11. Ndf3 Nxe5 12. Nxe5 a5 13. Bd2 a4 14. f3 c5 15. Bc3 dxc4 16. Qxc4 Nd5 17. Rae1 a3 18. e4 Nb6 19. Qd3 axb2 20. dxc5 Bxc5+ 21. Kh1 Rxa2 22. Qb1 Qa8 23. Bxb2 Qa6 24. Rc1 Be3 25. Rce1 Bf4 26. Nd3 Bg3 27. Rd1 Ra8 28. Nb4 Rxb2 29. Qxb2 Qb5 30. Nd3 Qxb2 31. Nxb2 h6 32. Rb1 Ra2 33. Nd3 Nc4 34. Rxb7 Ne3 35. Rg1 Rd2 36. Nc5 Bf2 37. Rbb1 Bxg1 38. Rxg1 Nc2 39. Nb3 Re2 40. Nc1 Rd2 41. Nb3 Rd3 42. Nc1 Rc3 43. Ne2 Rc4 44. Nf4 Ne3 45. Re1 Rc3 46. Kg1 g5 47. Nh5 Kh7 48. Kf2 Nc4 0-1


[Site "https://www.chess.com"]

[Event "Titled Tuesday Blitz August 08 Late 2023"]
[White "Cooper, Aaron"]
[Black "Oliveira, Tiago Batista"]
[WhiteFideId "2634945"]
[BlackFideId "2108291"]
[WhiteElo "2285"]
[BlackElo "2177"]
[Result "1-0"]
[Round "9"]
[TimeControl "180+1"]
[Date "2023.08.08"]
[WhiteClock "0:00:05"]
[BlackClock "0:00:00"]
[Board "112"]

1. e4 e5 2. f4 exf4 3. Nf3 Be7 4. Bc4 Bh4+ 5. Kf1 Nh6 6. d4 Ng4 7. Bxf4 Nf2 8. Qe1 Nxh1 9. Nxh4 g5 10. Be5 gxh4 11. Bxh8 d5 12. Bxd5 Qg5 13. Nc3 Qf4+ 14. Kg1 c6 15. Be5 Qf2+ 16. Qxf2 Nxf2 17. Kxf2 cxd5 18. Nxd5 Na6 19. b4 Be6 20. Nf6+ Ke7 21. d5 Bd7 22. a3 Rc8 23. c3 Bb5 24. Ke3 Nc7 25. d6+ Ke6 26. Kd4 Ne8 27. Nxe8 Bxe8 28. c4 f6 29. Bf4 Bf7 30. c5 b6 31. Rd1 bxc5+ 32. bxc5 Be8 33. Kc4 Bd7 34. g3 Rb8 35. gxh4 Bb5+ 36. Kd4 Bc6 37. Rd2 Rb3 38. Rd3 Rb2 39. Bg3 Re2 40. Re3 Rd2+ 41. Kc3 Ra2 42. e5 f5 43. Rd3 Rxa3+ 44. Kc2 Rxd3 45. Kxd3 1-0


[Site "https://www.chess.com"]

[Event "Titled Tuesday Blitz August 08 Late 2023"]
[White "Rodriguez Santiago, Jaime"]
[Black "Osmonbekov, Talaibek"]
[WhiteFideId "3100898"]
[BlackFideId "2017253"]
[WhiteElo "2273"]
[BlackElo "2165"]
[Result "1-0"]
[Round "9"]
[TimeControl "180+1"]
[Date "2023.08.08"]
[WhiteClock "0:00:34"]
[BlackClock "0:00:00"]
[Board "113"]

1. c4 f5 2. Nc3 Nf6 3. g3 e5 4. Bg2 d6 5. d3 Be7 6. e4 O-O 7. Nge2 Nc6 8. O-O Qe8 9. f4 fxe4 10. dxe4 exf4 11. Nxf4 Bg4 12. Qd2 Ne5 13. b3 c6 14. h3 Bd7 15. Bb2 Nh5 16. Kh2 Rd8 17. Rae1 Bc8 18. Qe2 Nxf4 19. gxf4 Ng6 20. Qe3 Bf6 21. Kh1 Nh4 22. Re2 Nxg2 23. Rxg2 Qh5 24. Rg3 c5 25. Rfg1 Bd4 26. Rxg7+ Bxg7 27. Nd5 Rd7 28. Nf6+ Rxf6 29. Bxf6 1-0


[Site "https://www.chess.com"]

[Event "Titled Tuesday Blitz August 08 Late 2023"]
[White "Fajdetic, Hrvoje"]
[Black "Castro Silva, Moises Antonio"]
[WhiteFideId "14501945"]
[BlackFideId "3909794"]
[WhiteElo "2258"]
[BlackElo "2395"]
[Result "0-1"]
[Round "9"]
[TimeControl "180+1"]
[Date "2023.08.08"]
[WhiteClock "0:00:17"]
[BlackClock "0:00:21"]
[Board "114"]

1. b3 c5 2. Bb2 Nc6 3. f4 Nf6 4. Nf3 g6 5. d3 Bg7 6. e4 O-O 7. Be2 d5 8. e5 Ng4 9. Qd2 d4 10. O-O Ne3 11. Rf2 f6 12. c3 fxe5 13. fxe5 Ng4 14. Rf1 Ncxe5 15. cxd4 Nxf3+ 16. Bxf3 Bxd4+ 17. Kh1 Qd6 18. g3 Bxb2 19. Qxb2 Ne3 20. Rf2 Bg4 21. Nd2 Bxf3+ 22. Nxf3 Qxd3 23. Re1 Nd1 24. Rxd1 Qxd1+ 25. Kg2 Rad8 26. Qe5 Qd5 27. Qxe7 Rde8 28. Qg5 Qxg5 29. Nxg5 Rxf2+ 30. Kxf2 Re5 31. Nf3 Rf5 32. Ke3 Rxf3+ 33. Kxf3 Kf7 34. Ke4 Ke6 35. h4 b5 36. g4 h5 37. gxh5 gxh5 38. a3 Kd6 39. Kf5 Kd5 40. Kg5 c4 41. bxc4+ bxc4 42. Kxh5 c3 43. Kg6 c2 44. h5 c1=Q 45. h6 Qc6+ 46. Kg7 Qd7+ 47. Kg8 Ke6 48. h7 Qf7+ 0-1


[Site "https://www.chess.com"]

[Event "Titled Tuesday Blitz August 08 Late 2023"]
[White "Tharushi, T H D Niklesha"]
[Black "Thiel, Thomas"]
[WhiteFideId "9918264"]
[BlackFideId "4615964"]
[WhiteElo "2110"]
[BlackElo "2183"]
[Result "1-0"]
[Round "9"]
[TimeControl "180+1"]
[Date "2023.08.08"]
[WhiteClock "0:02:04"]
[BlackClock "0:00:28"]
[Board "115"]

1. e4 d5 2. exd5 Nf6 3. d4 Nxd5 4. Nf3 g6 5. Be2 Bg7 6. O-O O-O 7. c4 Nb6 8. Nc3 Bg4 9. Be3 Nc6 10. d5 Bxf3 11. Bxf3 Ne5 12. c5 Nxf3+ 13. Qxf3 Nc4 14. Qe2 Nxe3 15. fxe3 Bxc3 16. bxc3 Qxd5 17. Rab1 Qxc5 18. Rxb7 Qxc3 19. Rd1 e6 20. Rd7 Rad8 21. Rdxc7 Qa1+ 22. Kf2 a5 23. Qf3 Qxa2+ 24. Kg3 e5 25. Re7 a4 26. Rxe5 a3 27. Ree7 Qd2 28. Rxf7 Qe1+ 29. Kg4 h5+ 30. Kg5 Qa5+ 31. Kh6 1-0


[Site "https://www.chess.com"]

[Event "Titled Tuesday Blitz August 08 Late 2023"]
[White "Gyulamiryan-koryun"]
[Black "Osiecki, Stanislaw"]
[BlackFideId "1102990"]
[WhiteElo "2042"]
[BlackElo "2011"]
[Result "0-1"]
[Round "9"]
[TimeControl "180+1"]
[Date "2023.08.08"]
[WhiteClock "0:00:00"]
[BlackClock "0:00:12"]
[Board "116"]

1. e4 e6 2. d4 d5 3. Nd2 c5 4. exd5 exd5 5. Bb5+ Bd7 6. Bxd7+ Nxd7 7. dxc5 Bxc5 8. Ngf3 Qe7+ 9. Qe2 Qxe2+ 10. Kxe2 Ngf6 11. Re1 O-O 12. Kf1 Ng4 13. Re2 Rfe8 14. h3 Rxe2 15. Kxe2 Re8+ 16. Kf1 Nxf2 17. Nb3 Bb6 18. Bf4 Ne4 19. Nfd4 Ndf6 20. Rd1 h6 21. g4 a5 22. a4 Rc8 23. c3 Rc4 24. Ra1 g5 25. Be3 Rc8 26. Nd2 Nxd2+ 27. Bxd2 Bxd4 28. cxd4 Ne4 29. Bxa5 Rc2 30. b4 Rh2 31. Ra3 Rd2 32. Bb6 Rb2 33. b5 Nd2+ 34. Ke1 Nc4 35. Bc5 Nxa3 36. Bxa3 Ra2 37. Bc5 Rxa4 38. Kd2 Ra2+ 39. Ke3 Rh2 40. Kd3 Rxh3+ 41. Kc2 Rg3 42. Bd6 Rxg4 43. Kc3 h5 44. Kb4 h4 45. Kc5 h3 46. Kb6 Rxd4 47. Kxb7 Rd3 48. b6 g4 49. Kc6 Rc3+ 50. Kxd5 Rb3 51. Bc7 g3 52. Kc4 Rxb6 53. Bxg3 Rg6 54. Bh2 Rg2 55. Be5 h2 56. Bxh2 Rxh2 57. Kd4 Rh5 58. Ke4 Kg7 59. Kf4 Kg6 60. Kg4 Rb5 61. Kf4 Rb4+ 62. Kf3 Rb8 63. Kf4 Rb7 64. Kf3 Rb6 65. Kf4 f5 66. Kf3 Rb4 67. Kg3 Kg5 68. Kf3 Rb3+ 69. Kg2 Kg4 70. Kf2 f4 71. Kf1 Rb2 0-1


[Site "https://www.chess.com"]

[Event "Titled Tuesday Blitz August 08 Late 2023"]
[White "Vargas, Mauricio"]
[Black "Semenova, Alina"]
[WhiteFideId "4404572"]
[BlackFideId "24113875"]
[WhiteElo "1879"]
[BlackElo "2082"]
[Result "1-0"]
[Round "9"]
[TimeControl "180+1"]
[Date "2023.08.08"]
[WhiteClock "0:00:03"]
[BlackClock "0:00:00"]
[Board "117"]

1. e4 e5 2. Nf3 Nf6 3. d4 Nxe4 4. dxe5 d5 5. Bf4 Bb4+ 6. c3 Bc5 7. Bg3 O-O 8. Bh4 Qxh4 9. Nxh4 Bxf2+ 10. Ke2 Bg4+ 11. Nf3 Nc6 12. Nd2 Bb6 13. h3 Ng3+ 14. Ke1 Bxf3 15. Nxf3 Nxh1 16. Bd3 Nf2 17. Bxh7+ Kh8 18. Qc2 Rae8 19. Kf1 Nxe5 20. Nxe5 Rxe5 21. a4 a5 22. Re1 Rxe1+ 23. Kxe1 Re8+ 24. Kf1 Ne4 25. Bxe4 dxe4 26. Qe2 e3 27. b4 axb4 28. cxb4 Rd8 29. Qh5+ Kg8 30. a5 Ba7 31. Ke2 Rd2+ 32. Kf3 Rf2+ 33. Kg3 e2 34. Qe5 Kf8 35. Qd5 1-0


[Site "https://www.chess.com"]

[Event "Titled Tuesday Blitz August 08 Late 2023"]
[White "elcala"]
[Black "Upper, John"]
[BlackFideId "2606437"]
[WhiteElo "1731"]
[BlackElo "1946"]
[Result "0-1"]
[Round "9"]
[TimeControl "180+1"]
[Date "2023.08.08"]
[WhiteClock "0:00:00"]
[BlackClock "0:00:08"]
[Board "118"]

1. d4 Nf6 2. Nf3 e6 3. Bf4 d5 4. e3 Bd6 5. Bg3 O-O 6. Nbd2 c5 7. c3 Qc7 8. Ne5 Nbd7 9. Ndf3 Ne4 10. Nxd7 Nxg3 11. hxg3 Bxd7 12. Bd3 g6 13. Ng5 h5 14. Rxh5 Bxg3 15. Qg4 f5 16. Rh8+ Kxh8 17. Qh3+ Kg7 18. Qh7+ Kf6 19. Qh6 Rh8 20. Nh7+ Kf7 21. fxg3 Qxg3+ 22. Kd2 Qxg2+ 23. Be2 cxd4 24. cxd4 Bb5 25. Re1 Rac8 26. Kd1 Bxe2+ 0-1


[Site "https://www.chess.com"]

[Event "Titled Tuesday Blitz August 08 Late 2023"]
[White "Hirneise, Jens"]
[Black "Burke, Paul"]
[WhiteFideId "24614734"]
[BlackFideId "2605767"]
[WhiteElo "2494"]
[BlackElo "1859"]
[Result "1-0"]
[Round "9"]
[TimeControl "180+1"]
[Date "2023.08.08"]
[WhiteClock "0:02:12"]
[BlackClock "0:01:32"]
[Board "119"]

1. g3 a6 2. Bg2 d6 3. c4 g6 4. Nc3 Bg7 5. d4 Nd7 6. Nf3 h6 7. O-O e5 8. dxe5 dxe5 9. Qc2 Ne7 10. Rd1 O-O 11. b3 Kh7 12. h4 f5 13. h5 e4 14. hxg6+ Nxg6 15. Nd4 Qf6 16. Nd5 Qd8 17. Ne6 Bxa1 18. Nxd8 Rxd8 19. Bxh6 Kxh6 20. Rxa1 c6 21. Nc7 Rb8 22. Ne6 Re8 23. Qd2+ Kh7 24. Qd6 Nde5 25. Qxb8 1-0


[Site "https://www.chess.com"]

[Event "Titled Tuesday Blitz August 08 Late 2023"]
[White "Naroditsky, Daniel"]
[Black "Perez Ponsa, Federico"]
[WhiteFideId "2026961"]
[BlackFideId "117927"]
[WhiteElo "3207"]
[BlackElo "2909"]
[Result "1/2-1/2"]
[Round "10"]
[TimeControl "180+1"]
[Date "2023.08.08"]
[WhiteClock "0:01:03"]
[BlackClock "0:00:54"]
[Board "1"]

1. e4 c6 2. d4 d5 3. exd5 cxd5 4. Nf3 Nc6 5. Bb5 Bg4 6. c4 Nf6 7. Nc3 e6 8. Qa4 Bxf3 9. gxf3 Rc8 10. Qxa7 Nd7 11. Qxb7 Rc7 12. Qa6 Nxd4 13. Bf4 Nxb5 14. cxb5 Rc4 15. Be3 Bb4 16. a3 1/2-1/2


[Site "https://www.chess.com"]

[Event "Titled Tuesday Blitz August 08 Late 2023"]
[White "Paravyan, David"]
[Black "Iturrizaga Bonelli, Eduardo"]
[WhiteFideId "4194985"]
[BlackFideId "3901211"]
[WhiteElo "3046"]
[BlackElo "2987"]
[Result "1-0"]
[Round "10"]
[TimeControl "180+1"]
[Date "2023.08.08"]
[WhiteClock "0:00:22"]
[BlackClock "0:00:00"]
[Board "2"]

1. e4 c5 2. Nf3 e6 3. d4 cxd4 4. Nxd4 a6 5. h3 Qc7 6. Bd3 Bc5 7. Nb3 Ba7 8. Qg4 Kf8 9. Nc3 Nf6 10. Qf3 Nc6 11. Bf4 Ne5 12. Qg3 d6 13. Be3 Bb8 14. f4 Ned7 15. a4 b6 16. Qh4 Bb7 17. O-O h6 18. Rae1 Kg8 19. Re2 Ba7 20. Kh1 Rc8 21. a5 Bb8 22. axb6 Nxb6 23. Na5 Nbd7 24. Nxb7 Qxb7 25. Bd4 Qb4 26. Qf2 a5 27. e5 Ne8 28. f5 Nxe5 29. fxe6 f6 30. Nd5 Qb7 31. Be4 Qa6 32. Bxe5 dxe5 33. Ne7+ Kf8 34. Ng6+ Kg8 35. Nxh8 Kxh8 36. Qf5 Kg8 37. Bd3 Qd6 38. Re4 Rc5 39. b3 Kf8 40. Bc4 Rc6 41. Qg4 Qe7 42. Re2 Qc7 43. Qg6 e4 44. g3 Nd6 45. Rxf6+ gxf6 46. Qxf6+ Ke8 47. Rf2 1-0


[Site "https://www.chess.com"]

[Event "Titled Tuesday Blitz August 08 Late 2023"]
[White "Firouzja, Alireza"]
[Black "Kamsky, Gata"]
[WhiteFideId "12573981"]
[BlackFideId "2000024"]
[WhiteElo "3088"]
[BlackElo "2967"]
[Result "1-0"]
[Round "10"]
[TimeControl "180+1"]
[Date "2023.08.08"]
[WhiteClock "0:00:33"]
[BlackClock "0:00:03"]
[Board "3"]

1. d4 f5 2. Bf4 Nf6 3. e3 e6 4. Nf3 b6 5. h3 Bb7 6. Be2 Be7 7. c4 O-O 8. Nc3 Ne4 9. Nxe4 Bxe4 10. O-O d6 11. Nd2 Bb7 12. Bf3 Bxf3 13. Nxf3 Nd7 14. Qb3 Kh8 15. Rac1 Bf6 16. Rfd1 Qe7 17. Bh2 e5 18. Qb5 Rfe8 19. Qc6 Rac8 20. b4 g5 21. c5 dxc5 22. dxc5 Nb8 23. Qa4 Qg7 24. Qxa7 g4 25. hxg4 Qxg4 26. cxb6 Rg8 27. Ne1 cxb6 28. Qxb6 Bg7 29. Rxc8 Rxc8 30. Qe6 Rg8 31. Rc1 Qg6 32. Qxg6 hxg6 33. Nf3 Nd7 34. Rc7 Rd8 35. Ng5 Kg8 36. Ne6 1-0


[Site "https://www.chess.com"]

[Event "Titled Tuesday Blitz August 08 Late 2023"]
[White "Mamedov, Rauf"]
[Black "Fedoseev, Vladimir"]
[WhiteFideId "13401653"]
[BlackFideId "24130737"]
[WhiteElo "3019"]
[BlackElo "3091"]
[Result "1-0"]
[Round "10"]
[TimeControl "180+1"]
[Date "2023.08.08"]
[WhiteClock "0:00:36"]
[BlackClock "0:00:16"]
[Board "4"]

1. e4 g6 2. Nf3 Bg7 3. d4 d6 4. Bc4 e6 5. Bb3 Nd7 6. c3 h6 7. Nbd2 Ne7 8. Nf1 b5 9. Ng3 Bb7 10. a4 a6 11. Qe2 c5 12. O-O Qb6 13. axb5 axb5 14. Be3 O-O 15. Qd2 Kh7 16. h3 Qc7 17. Rxa8 Rxa8 18. Rd1 Ra6 19. h4 Nf6 20. Bc2 Ng4 21. h5 Nxe3 22. fxe3 b4 23. cxb4 cxb4 24. Bd3 Rb6 25. Rf1 Kg8 26. hxg6 fxg6 27. Qe2 b3 28. Nh4 e5 29. Bc4+ Kh7 30. Rf7 d5 31. Ngf5 gxf5 32. Nxf5 Qxc4 33. Rxg7+ Kh8 34. Qg4 Nxf5 35. exf5 Qc8 36. dxe5 Qf8 37. f6 Bc8 38. Qg6 1-0


[Site "https://www.chess.com"]

[Event "Titled Tuesday Blitz August 08 Late 2023"]
[White "Aronian, Levon"]
[Black "Zhigalko, Sergei"]
[WhiteFideId "13300474"]
[BlackFideId "13502956"]
[WhiteElo "3040"]
[BlackElo "2895"]
[Result "0-1"]
[Round "10"]
[TimeControl "180+1"]
[Date "2023.08.08"]
[WhiteClock "0:00:00"]
[BlackClock "0:00:05"]
[Board "5"]

1. e4 c5 2. Nf3 Nc6 3. Bb5 Nf6 4. Nc3 Qc7 5. O-O Nd4 6. Re1 a6 7. Bf1 e5 8. d3 h6 9. Nd2 Be7 10. Nc4 O-O 11. Ne3 d6 12. Ncd5 Nxd5 13. Nxd5 Qd8 14. c3 Nc6 15. g3 Be6 16. f4 exf4 17. Nxe7+ Qxe7 18. gxf4 f5 19. exf5 Rxf5 20. Bh3 Qf7 21. Bxf5 Qxf5 22. Qf3 Rf8 23. Qe4 Qg4+ 24. Kh1 Rf6 25. Bd2 Qh5 26. c4 d5 27. Qe2 Qf7 28. f5 Bd7 29. cxd5 Nd4 30. Qe4 Rxf5 31. Rg1 Rxd5 32. Bxh6 Nf5 33. Bxg7 Nxg7 34. Raf1 Bf5 35. Qh4 c4 36. dxc4 Re5 37. Rg2 Re4 38. Qg5 Re5 39. Kg1 Rc5 40. b4 Re5 41. Qd8+ Re8 42. Qd4 Re7 43. h4 Qe6 44. c5 Rf7 45. Qd6 Qe4 46. Qf4 Qe6 47. Kh2 Kh7 48. Qg5 Qe5+ 49. Qg3 Qf6 50. h5 Qh6 51. Qg5 Qxg5 52. Rxg5 Kh6 53. Rg3 Nxh5 54. Rd3 Bxd3 55. Rxf7 Be4 56. Re7 Bd5 57. a4 Nf6 58. b5 axb5 59. axb5 Kg5 60. Kg3 Kf5 0-1


[Site "https://www.chess.com"]

[Event "Titled Tuesday Blitz August 08 Late 2023"]
[White "Martinez Alcantara, Jose Eduardo"]
[Black "Khanin, Semen"]
[WhiteFideId "3805662"]
[BlackFideId "4111990"]
[WhiteElo "3037"]
[BlackElo "2888"]
[Result "1-0"]
[Round "10"]
[TimeControl "180+1"]
[Date "2023.08.08"]
[WhiteClock "0:01:19"]
[BlackClock "0:00:00"]
[Board "6"]

1. e4 e5 2. Nf3 Nc6 3. Nc3 Nf6 4. h3 Bb4 5. a3 Bxc3 6. dxc3 Nxe4 7. Nxe5 Nxe5 8. Qd4 O-O 9. Qxe4 Re8 10. Be3 d5 11. Qf4 Ng6 12. Qd4 b6 13. O-O-O Be6 14. h4 c5 15. Qd2 Ne5 16. Bf4 Qf6 17. Bg5 Qf5 18. f3 h6 19. Bf4 Nc4 20. Bxc4 dxc4 21. g4 Qg6 22. h5 Qf6 23. g5 Qf5 24. Rhg1 Rad8 25. Qxd8 Qxf4+ 26. Qd2 Qxd2+ 27. Rxd2 hxg5 28. Rxg5 Kh7 29. Re5 Kh6 30. Rd6 Rf8 31. f4 Kh7 32. f5 Bc8 33. f6 g6 34. Kd2 gxh5 35. Rxh5+ Kg6 36. Re5 Be6 37. Re1 Kxf6 38. Rc6 Rd8+ 39. Kc1 Rd7 40. a4 Rd5 41. a5 bxa5 42. Ra6 Kg5 43. Rxa5 Bg4 44. Rxa7 f5 45. Rf1 f4 46. Rg7+ Kh4 47. Rh1+ Kg3 48. Rg1+ Kf2 49. R1xg4 f3 50. Rxc4 Ke2 51. Re4+ Kf1 52. Rf7 f2 53. b3 Rg5 54. Ref4 Rg2 55. Kd2 Kg1 56. Rxf2 1-0


[Site "https://www.chess.com"]

[Event "Titled Tuesday Blitz August 08 Late 2023"]
[White "Rasulov, Vugar"]
[Black "Andreikin, Dmitry"]
[WhiteFideId "13402390"]
[BlackFideId "4158814"]
[WhiteElo "2871"]
[BlackElo "3017"]
[Result "1-0"]
[Round "10"]
[TimeControl "180+1"]
[Date "2023.08.08"]
[WhiteClock "0:00:09"]
[BlackClock "0:00:00"]
[Board "7"]

1. d4 Nf6 2. c4 e6 3. Nc3 d5 4. Bg5 dxc4 5. e3 c5 6. Bxc4 cxd4 7. exd4 Be7 8. Nf3 O-O 9. O-O Nbd7 10. a4 b6 11. Qe2 Bb7 12. Rfd1 h6 13. Bh4 Nh5 14. Bxe7 Qxe7 15. d5 Rae8 16. Re1 Kh8 17. Rad1 Ndf6 18. d6 Qd8 19. Bb5 Nf4 20. Qe3 N6d5 21. Nxd5 Nxd5 22. Qe5 f6 23. Qg3 e5 24. Bxe8 Rxe8 25. Nh4 Qd7 26. h3 g5 27. Ng6+ Kg7 28. Nxe5 fxe5 29. Rxe5 Nf6 30. Rxe8 Nxe8 31. Qe5+ Kg6 32. f3 Nf6 33. b3 Bc6 34. Rc1 a6 35. Re1 b5 36. axb5 Bxb5 37. Qd4 Qf5 38. Re5 Qf4 39. Qxf4 gxf4 40. Kf2 h5 41. h4 1-0


[Site "https://www.chess.com"]

[Event "Titled Tuesday Blitz August 08 Late 2023"]
[White "Lysyj, Igor"]
[Black "Xiong, Jeffery"]
[WhiteFideId "4150120"]
[BlackFideId "2047640"]
[WhiteElo "2867"]
[BlackElo "2979"]
[Result "1-0"]
[Round "10"]
[TimeControl "180+1"]
[Date "2023.08.08"]
[WhiteClock "0:00:29"]
[BlackClock "0:00:00"]
[Board "8"]

1. d4 Nf6 2. c4 e6 3. Nf3 d5 4. g3 Bb4+ 5. Bd2 Be7 6. Bg2 O-O 7. O-O c6 8. Qc2 a5 9. b3 b6 10. Bc3 Ne4 11. Bb2 Ba6 12. Nbd2 f5 13. Ne5 Bf6 14. Nxe4 fxe4 15. f3 Bxe5 16. dxe5 exf3 17. exf3 Nd7 18. f4 Qe7 19. Bd4 Rac8 20. Be3 Nc5 21. Rfd1 dxc4 22. bxc4 Rfd8 23. Bf3 Bb7 24. Rab1 Rxd1+ 25. Rxd1 Rd8 26. Rxd8+ Qxd8 27. Bxc5 bxc5 28. Qc3 Kf7 29. Kf2 g6 30. a3 Ba6 31. Bxc6 Qd1 32. Bf3 Qb1 33. h4 a4 34. Be2 Qb3 35. Qd3 Ke8 36. h5 gxh5 37. Bxh5+ Kf8 38. Qd8+ 1-0


[Site "https://www.chess.com"]

[Event "Titled Tuesday Blitz August 08 Late 2023"]
[White "Pakleza, Zbigniew"]
[Black "He, Anthony"]
[WhiteFideId "1119290"]
[BlackFideId "2088215"]
[WhiteElo "2831"]
[BlackElo "2958"]
[Result "1-0"]
[Round "10"]
[TimeControl "180+1"]
[Date "2023.08.08"]
[WhiteClock "0:00:02"]
[BlackClock "0:00:00"]
[Board "9"]

1. d4 Nf6 2. Nf3 c5 3. c3 d5 4. Bf4 Nc6 5. Nbd2 cxd4 6. cxd4 Bf5 7. e3 e6 8. Qb3 Qb6 9. Qxb6 axb6 10. Bb5 Be7 11. Ke2 O-O 12. Rhc1 Rfc8 13. a3 h6 14. Rc3 Bb4 15. Rcc1 Be7 16. h3 g5 17. Bh2 Kf8 18. Ne5 Na7 19. Bd7 Rxc1 20. Rxc1 Bd6 21. Ba4 Ke7 22. g4 Bh7 23. f3 b5 24. Bc2 Bxc2 25. Rxc2 Nd7 26. Nb3 Bxe5 27. Bxe5 Nc6 28. Bg3 Ra4 29. Nc5 Ra7 30. Nd3 f6 31. h4 Ra4 32. h5 e5 33. Nc5 Rc4 34. Rxc4 bxc4 35. Nxd7 Kxd7 36. dxe5 Nxe5 37. Bxe5 fxe5 38. Kd2 b5 39. Kc3 Kd6 40. Kb4 Kc6 41. b3 Kb6 42. a4 bxa4 43. bxa4 Kc6 44. e4 1-0


[Site "https://www.chess.com"]

[Event "Titled Tuesday Blitz August 08 Late 2023"]
[White "Nguyen, Ngoc Truong Son"]
[Black "Kuzmicz, Krystian"]
[WhiteFideId "12401110"]
[BlackFideId "1119125"]
[WhiteElo "2958"]
[BlackElo "2779"]
[Result "1-0"]
[Round "10"]
[TimeControl "180+1"]
[Date "2023.08.08"]
[WhiteClock "0:00:30"]
[BlackClock "0:00:25"]
[Board "10"]

1. d4 g6 2. e4 Bg7 3. Nf3 c6 4. Nc3 d5 5. h3 Nf6 6. e5 Ne4 7. Bd3 Nxc3 8. bxc3 c5 9. dxc5 Qa5 10. O-O Nc6 11. Re1 O-O 12. Qd2 Qxc5 13. a4 Qa5 14. Qf4 f6 15. e6 Ne5 16. Nd4 Qxc3 17. Bd2 Nxd3 18. cxd3 Qxd3 19. Rac1 f5 20. Nf3 Qa6 21. Qh4 Rf6 22. Bh6 Rxe6 23. Bxg7 Kxg7 24. Ng5 Rxe1+ 25. Rxe1 Qf6 26. Qxh7+ Kf8 27. Rxe7 Qxe7 28. Qh8# 1-0


[Site "https://www.chess.com"]

[Event "Titled Tuesday Blitz August 08 Late 2023"]
[White "Fier, Alexandr"]
[Black "Terry, Renato"]
[WhiteFideId "2107139"]
[BlackFideId "3803457"]
[WhiteElo "2797"]
[BlackElo "2922"]
[Result "1-0"]
[Round "10"]
[TimeControl "180+1"]
[Date "2023.08.08"]
[WhiteClock "0:01:02"]
[BlackClock "0:00:10"]
[Board "11"]

1. e4 e6 2. d4 d5 3. Nd2 Be7 4. Bd3 c5 5. dxc5 Nf6 6. Ngf3 dxe4 7. Nxe4 Nxe4 8. Bxe4 Qxd1+ 9. Kxd1 Bxc5 10. Ke2 Nd7 11. Nd2 f5 12. Bf3 Ne5 13. Re1 O-O 14. Kf1 Bd6 15. b3 Bb4 16. Rxe5 Bc3 17. Re1 Bxa1 18. Ba3 Rd8 19. Rxa1 Rxd2 20. c4 Kf7 21. Ke1 Rd8 22. Bb2 a5 23. Be5 a4 24. b4 a3 25. Rb1 Ra7 26. c5 Bd7 27. Bc7 Rda8 28. Bb6 Bc6 29. Bxa7 Rxa7 30. Rd1 Ke7 31. Kd2 Bxf3 32. gxf3 b6 33. cxb6 Rb7 34. Kc3 Rxb6 35. Kb3 Ra6 36. b5 Ra8 37. Kb4 g5 38. b6 Rc8 39. Ka5 Rc2 40. b7 Rb2 41. Ka6 1-0


[Site "https://www.chess.com"]